 Dungeon Crawl Stone Soup version 0.19-a0-1732-g0b18a7b (webtiles) character file.

212 wazuzu the Insei (level 5, 0/40 HPs)
             Began as a Draconian Transmuter on Sept 30, 2016.
             Succumbed to a worker ant's poison
             ... on level 4 of the Dungeon.
             The game lasted 00:07:16 (3311 turns).

wazuzu the Insei (Draconian Transmuter)             Turns: 3311, Time: 00:07:17

Health: 0/40       AC:  6    Str: 12    XL:     5   Next: 58%
Magic:  0/8        EV: 12    Int: 14    God:
Gold:   182        SH:  0    Dex: 12    Spells: 2 memorised, 5 levels left

rFire  . . .     SeeInvis .       - Unarmed
rCold  . . .     Gourm    .     (armour unavailable)
rNeg   . . .     Faith    .     (no shield)
rPois  .         Spirit   +     h - +1 hat {Spirit}
rElec  .         Dismiss  .     (no cloak)
rCorr  .         Reflect  .     (no gloves)
MR     .....     Harm     .     (no boots)
Stlth  +.........               (no amulet)
                                (no ring)
                                (no ring)

@: lethally poisoned (0 -> -13), flying, very slightly contaminated
A: unfitting armour, cold-blooded, AC +5
a: no special abilities


You were on level 4 of the Dungeon.
You were not hungry.

You visited 1 branch of the dungeon, and saw 4 of its levels.

You collected 182 gold pieces.

Inventory:

Missiles
 a - 26 arrows
Armour
 h - a +1 hat of spirit shield (worn)
Scrolls
 d - 3 scrolls of fear {unknown}
 e - 4 scrolls of teleportation {unknown}
 g - 3 scrolls of noise {unknown}
 i - a scroll of immolation {unknown}
 k - 3 scrolls of identify {unknown}
 l - 4 scrolls of fog {unknown}
 n - a scroll of remove curse {unknown}
Potions
 m - a potion of flight
 o - a potion of haste {unknown}
 q - a potion of invisibility {unknown}
 s - a potion of brilliance {unknown}
Books
 b - a book of Changes

   Spells                             Type                      Level
   a - Beastly Appendage              Transmutation                1
   b - Sticks to Snakes               Transmutation                2
   c - Spider Form                    Transmutation/Poison         3
   d - Ice Form                       Ice/Transmutation            4
   e - Blade Hands                    Transmutation                5
Comestibles
 c - 2 bread rations
 j - a meat ration
 p - a beef jerky
 r - a slice of pizza


   Skills:
 - Level 1.1 Fighting
 - Level 1.7 Dodging
 * Level 6.0 Unarmed Combat
 - Level 2.0 Spellcasting
 - Level 2.7 Transmutations


You had 5 spell levels left.
You knew the following spells:

 Your Spells              Type           Power        Failure   Level  Hunger
a - Beastly Appendage     Tmut           #.....       10%         1    ##.....
s - Sticks to Snakes      Tmut           #.......     14%         2    ###....


Dungeon Overview and Level Annotations

Branches:
Dungeon (4/15)
 Temple: D:4-7

Altars:

Shops:
D:4 (


Innate Abilities, Weirdness & Mutations

Your plain brown scales are hard. (AC +5)
You cannot fit into any form of body armour.
You are cold-blooded and may be slowed by cold attacks.


Message History

You hit the worker ant but do no damage.
The worker ant is severely wounded.
The worker ant misses you.
You feel sick.
Casting: Beastly Appendage
Confirm with . or Enter, or press ? or * to list all spells.
You create a snake!
You now have 26 arrows.
The worker ant bites you.
* * * LOW HITPOINT WARNING * * *
You feel sick.
Your ball python barely misses the worker ant.
Your ball python grabs the worker ant.
Your ball python constricts the worker ant.
The worker ant bites you.
* * * LOW HITPOINT WARNING * * *
You are more poisoned.
The worker ant poisons you!
It was a potion of flight.
You feel very buoyant.
You fly up into the air.
You die...

#.########...####.# ..
#........>#.#.# .#.# ..
#.....#####.#.##.#.# .
#.....# .#......
##...######.#.#..# # ###
##.......#.......#.#
....##..#.###.#.........#
.........####.#.##....#
##.##..##...@a...∩...# .
#..##.##.#S##....#
#...#.##.#.# .##.#
#........#.. .. #
.........#######.##
######.### .# #.# $# #.#
.# ...


You could see a worker ant and a friendly ball python.

Vanquished Creatures
  A bullfrog skeleton (D:4)
  An orc priest (D:3)
  6 adders
  3 dart slugs
  2 worms
  A leopard gecko (D:3)
  10 orcs
  7 bats
  3 giant cockroaches
  4 goblins (D:1)
  9 hobgoblins
  6 jackals
  3 kobolds
  A quokka (D:3)
  A ball python (D:3)
  4 frilled lizards
  15 rats
77 creatures vanquished.

Vanquished Creatures (collateral kills)
  A leopard gecko (D:3)
  2 orcs (D:3)
  A bat (D:3)
4 creatures vanquished.

Grand Total: 81 creatures vanquished

Notes
Turn   | Place    | Note
-------+----------+-------------------------------------------
     0 | D:1      | wazuzu the Draconian Transmuter began the quest for the Orb.
     0 | D:1      | Reached XP level 1. HP: 16/16 MP: 3/3
    90 | D:1      | Reached XP level 2. HP: 6/23 MP: 5/5
   786 | D:1      | Learned a level 2 spell: Sticks to Snakes
  1161 | D:1      | Reached XP level 3. HP: 28/28 MP: 6/6
  1268 | D:2      | Reached skill level 4 in Unarmed Combat
  1510 | D:2      | Found a faded altar of an unknown god.
  1690 | D:2      | Reached XP level 4. HP: 31/35 MP: 7/7
  2286 | D:2      | Reached skill level 5 in Unarmed Combat
  2733 | D:3      | Reached XP level 5. HP: 29/40 MP: 6/8
  3266 | D:4      | Reached skill level 6 in Unarmed Combat
  3283 | D:4      | Found Iwiprah's Antique Weapon Shop.
  3310 | D:4      | HP: 1/40 [worker ant (5)]
  3311 | D:4      | Succumbed to a worker ant's poison

Vault maps used:
D:1:      dpeg_arrival_subterranean_lakeside_camping
D:2:      ecumenical_altar_2
D:4:      grunt_temple_overflow_diamond, serial_shops, shop, shop_coins

Skill      XL: |  1  2  3  4  5 |
---------------+----------------+-----
Unarmed Combat | 4 5 6 |  6.0
Fighting       | |  1.1
Dodging        | |  1.7
Spellcasting   | |  2.0
Transmutations | |  2.7

Action                   |  1- 3 |  4- 6 || total
-------------------------+-------+-------++-------
Melee: Unarmed           |   125 |   186 ||   311
       Tailslap          |    13 |    15 ||    28
       Punch             |     1 |     2 ||     3
       Headbutt          |     1 |     3 ||     4
       Kick              |       |     4 ||     4
 Cast: Beastly Appendage |     1 |     2 ||     3
       Sticks to Snakes  |       |     6 ||     6
  Use: Potion            |       |     1 ||     1
 Stab: Distracted        |       |     1 ||     1
  Eat: Chunk             |     3 |     5 ||     8
Armor: Skin              |    51 |    77 ||   128
Dodge: Dodged            |    88 |   138 ||   226
